 Dungeon Crawl Stone Soup version 0.28.0-45-g0d030f2227 (webtiles) character file.

Game seed: 8597311616463017274

123 DuloT34 the Magician (level 4, -10/24 HPs)
             Began as a Deep Elf Air Elementalist on May 18, 2022.
             Killed by divine providence
             ... invoked by an orc priest
              (16 damage)
             ... on level 3 of the Dungeon.
             The game lasted 00:07:18 (3483 turns).

DuloT34 the Magician (Deep Elf Air Elementalist)    Turns: 3483, Time: 00:07:19

Health: -10/24     AC:  2    Str:  5    XL:     4   Next: 79%
Magic:  10/12      EV: 17    Int: 22    God:
Gold:   113        SH:  0    Dex: 15    Spells: 3/12 levels left

rFire   . . .      SeeInvis .   (no weapon)
rCold   . . .      Faith    .   (no shield)
rNeg    . . .      Spirit   .   a - +0 robe
rPois   .          Reflect  .   (no helmet)
rElec   .          Harm     .   (no cloak)
rCorr   .          Rampage  .   (no gloves)
Will    .....                   (no boots)
Stlth   ++........              (no amulet)
HPRegen 0.08/turn               b - +4 ring of evasion
MPRegen 0.13/turn               (no ring)

@: no status effects
A: no striking features
a: no special abilities


You were on level 3 of the Dungeon.
You visited 1 branch of the dungeon, and saw 3 of its levels.

You collected 113 gold pieces.

Inventory:

Armour
 a - a +0 robe (worn)
Jewellery
 b - a +4 ring of evasion (left hand)
Scrolls
 c - a scroll of enchant weapon
 d - 2 scrolls of identify
Potions
 e - a potion of haste


   Skills:
 + Level 4.0 Dodging
 - Level 2.4 Stealth
 + Level 4.6 Spellcasting
 - Level 1.1 Conjurations
 + Level 4.0 Air Magic


You had 3 spell levels left.
You knew the following spells:

 Your Spells              Type           Power      Damage    Failure   Level
a - Shock                 Conj/Air       64%        1d7       3%          1
b - Static Discharge      Conj/Air       16%        N/A       5%          2
c - Airstrike             Air            11%        N/A       21%         4
d - Blink                 Tloc           10%        N/A       16%         2

Your spell library contained the following spells:

 Spells                   Type           Power      Damage    Failure   Level
 Swiftness                Air            22%        N/A       6%          3
 Lesser Beckoning         Tloc           5%         N/A       32%         3
 Manifold Assault         Tloc           5%         N/A       96%         5


Dungeon Overview and Level Annotations

Branches:
Dungeon (3/15)

Altars:


Message History

Aim: a ball python (asleep, 100% to hit)
The zap hits the ball python.
The ball python is moderately wounded.
The ball python hisses angrily.
Casting: Shock (safe; 3% risk of failure)
Confirm with . or Enter, or press ? or * to list all spells.
Aiming: Shock (safe; 3% risk of failure)
Press: ? - help, Shift-Dir - straight line, f/p - ball python
Aim: a ball python (moderately wounded, 68% to hit)
The zap hits the ball python.
You kill the ball python!
Found a spear.
You open the door.
There is an open door here.
As you open the door, it creaks loudly! As you open the door, it creaks loudly!
You hear a shout! x2
There is an open door here. 2 orc priests come into view.
A bat comes into view.
Casting: Shock (safe; 3% risk of failure)
Confirm with . or Enter, or press ? or * to list all spells.
Okay, then.
There is an open door here.
The bat hits you. The bat misses you. The bat hits you but does no damage.
The bat misses you.
The orc priest mumbles some strange prayers to Beogh against you.
Beogh smites you!
Ouch! That really hurt!
Casting: Shock (safe; 3% risk of failure)
Confirm with . or Enter, or press ? or * to list all spells.
The orc priest is struck by an arc of lightning.
The orc priest is heavily wounded.
You are struck by an arc of lightning.
* * * LOW HITPOINT WARNING * * *
The lightning grounds out.
The orc priest mumbles some strange prayers to Beogh against you.
Beogh smites you!
Ouch! That really hurt!
You die...

#.........#
#.#.#######
#.........# #.#..
#.........#
####'###### #.#
#.# #.# #.######
#....@.#
######o######..
#.b........
######bo######..
#.........####...
#.........'......
#.........#######
######'####
#....#


You could see 2 orc priests and a bat.

Vanquished Creatures
  An orc priest (D:2)
  4 adders
  A worm (D:1)
  2 dart slugs
  5 orcs
  5 ball pythons
  2 endoplasms (D:1)
  A giant cockroach (D:1)
  4 goblins
  3 hobgoblins (D:2)
  2 jackals (D:1)
  4 kobolds
  A quokka (D:2)
  6 bats
  6 rats
47 creatures vanquished.

Notes
Turn   | Place    | Note
-------+----------+-------------------------------------------
     0 | D:1      | DuloT34 the Deep Elf Air Elementalist began the quest for
                  | the Orb.
     0 | D:1      | Reached XP level 1. HP: 10/10 MP: 6/6
   355 | D:1      | Reached XP level 2. HP: 15/15 MP: 5/8
   358 | D:1      | Learned a level 2 spell: Static Discharge
   732 | D:1      | Learned a level 2 spell: Blink
  1097 | D:2      | Found a faded altar of an unknown god.
  1102 | D:2      | Reached XP level 3. HP: 13/19 MP: 2/10
  2425 | D:2      | Reached XP level 4. HP: 24/24 MP: 10/12
  2453 | D:2      | Learned a level 4 spell: Airstrike
  3483 | D:3      | Killed from afar by an orc priest

Illustrated notes

Levels and vault maps discovered:
D:1:      psy_arrival_statuary, layout_basic
D:2:      layout_rooms, basic_ecumenical_altar
D:3:      layout_basic, trog_antimagical, amcnicky_altar_gilded,
          ebering_ghost_inner_flame

Skill      XL: |  1  2  3  4 |
---------------+-------------+-----
Dodging        | 3 4 |  4.0
Spellcasting   | 4 |  4.6
Air Magic      | 4 |  4.0
Stealth        | |  2.4
Conjurations   | |  1.1

Action                   |  1- 3 |  4- 6 || total
-------------------------+-------+-------++-------
Melee: Unarmed           |     1 |       ||     1
 Cast: Shock             |    53 |    19 ||    72
       Static Discharge  |    15 |    10 ||    25
       Blink             |       |     1 ||     1
  Use: Scroll            |     3 |       ||     3
       Potion            |     1 |       ||     1
Armor: Robe              |     3 |     3 ||     6
Dodge: Dodged            |    30 |    16 ||    46
